 Dungeon Crawl Stone Soup version 0.31.0-12-g77e489cdc1 (webtiles) character file.

Game seed: 3434382448403378778

630 hawla the Ducker (level 7, -8/61 HPs)
             Began as a Minotaur Fighter on Feb 19, 2024.
             Mangled by a gnoll
             ... wielding a +0 heavy spear
              (10 damage)
             ... on level 4 of the Dungeon.
             The game lasted 00:06:27 (3262 turns).

hawla the Ducker (Minotaur Fighter)                 Turns: 3262, Time: 00:06:27

Health: -8/61      AC:  6    Str: 21    XL:     7   Next: 24%
Magic:  6/6        EV: 12    Int:  5    God:
Gold:   168        SH:  5    Dex: 11    Spells: 6/6 levels left

rFire   . . .        a - +1 long sword
rCold   . . .        c - +0 buckler
rNeg    . . .        b - +0 scale mail
rPois   .            (helmet restricted)
rElec   .            (no cloak)
rCorr   +            (no gloves)
SInv    .            (no boots)
Will    .....        (no amulet) Stlth
                     o - ring of resist corrosion
HPRegen 0.30/turn    (no ring)
MPRegen 0.10/turn

%: no passive effects
@: invisible
A: horns 2, retaliatory headbutt, fangs 1
a: no special abilities


You were on level 4 of the Dungeon.
You visited 1 branch of the dungeon, and saw 4 of its levels.

You collected 168 gold pieces.

Inventory:

Hand Weapons
 a - a +1 long sword (weapon)
Missiles
 e - 11 poisoned darts (quivered)
 q - 2 throwing nets
Armour
 b - a +0 scale mail (worn)
 c - a +0 buckler (worn)
Jewellery
 o - a ring of resist corrosion (left hand)
 p - a ring of ice
Scrolls
 h - 2 scrolls of silence
 i - a scroll of poison
 j - a scroll of brand weapon {unknown}
 n - 5 scrolls of identify
Potions
 d - a potion of might
 g - a potion of enlightenment
 k - a potion of brilliance


   Skills:
 - Level 5.0 Fighting
 - Level 2.4 Long Blades
 - Level 3.6 Armour
 + Level 7.2 Dodging
 - Level 5.0 Shields


You had 6 spell levels left.
You didn't know any spells.
Your spell library was empty.

Dungeon Overview and Level Annotations

Branches:
Dungeon (4/15)
 Temple: D:4-7

Altars:
Cheibriados
Gozag
Makhleb
Trog

Shops:
D:4 [


Innate Abilities, Weirdness & Mutations

You have a pair of horns on your head.
You reflexively headbutt those who attack you in melee.
You have very sharp teeth.


Message History

You hit the hound. You headbutt the hound.
The hound is moderately wounded.
The hound closely misses you. x2; You furiously retaliate!
You headbutt the hound. You slash the hound!
The hound is severely wounded.
The hound closely misses you. You furiously retaliate!
You headbutt the hound. The hound bites you.
You slash the hound!
You kill the hound!
An orc comes into view. It is wielding a +0 whip of freezing.
You slash the ogre!
The ogre is heavily wounded.
The ogre hits you with a +0 giant club!
You barely miss the ogre.
The ogre is heavily wounded.
The ogre hits you but does no damage.
You hit the ogre.
The ogre is severely wounded.
You block the ogre's attack.
You barely miss the ogre. You bite the ogre, but do no damage.
The ogre is severely wounded.
The ogre closely misses you.
You hit the ogre. Your headbutt misses the ogre.
The ogre is severely wounded.
The ogre completely misses you.
You hit the ogre. Your headbutt misses the ogre.
The ogre is almost dead.
The gnoll hits you but does no damage.
The ogre hits you with a +0 giant club!!
Ouch! That really hurt!
* * * LOW HITPOINT WARNING * * *
Unknown command.
Okay, then.
You fade into invisibility!
The gnoll hits you with a +0 heavy spear.
* * * LOW HITPOINT WARNING * * *
Unknown command.
The gnoll hits you with a +0 heavy spear!
You die...

#..................##..........
###†.......##).###..####.........
.............#..###..####........
.........)#......................
..........................#####..
...................o....##* #..
...###.#######....o......## #..
...# #.########.og###.#(..# #..
...# #..........@.Ogg.....###*#..
#### #...#######'#######....#*...
####.#.# #.# #.(..#,,** #......#
#####.##### #.[....#* #......#
#...+.+...# #.o...## #......#
#)###.###.# #.....#** #......#
#)# #.# *,* #o..g...*
#......###+###.###+###....##?#
#...)..+.............+.....*.#*


You could see an ogre (unable to see you), an orc priest (unable to see you), 3
gnolls and 2 orcs.

Vanquished Creatures
  A black bear (D:4)
  A phantom (D:4)
  Blork the orc (D:4)
  A scorpion (D:4)
  2 bombardier beetles (D:4)
  A hound (D:4)
  A sleepcap (D:4)
  10 adders
  4 gnolls (D:4)
  5 dart slugs
  2 ribbon worms
  An orc (D:3)
  2 endoplasms
  3 giant cockroaches
  6 goblins
  7 hobgoblins
  10 jackals
  4 kobolds
  4 quokkas
  7 ball pythons
  5 bats
  4 frilled lizards
  8 rats
90 creatures vanquished.

Notes
Turn   | Place    | Note
-------+----------+-------------------------------------------
     0 | D:1      | hawla the Minotaur Fighter began the quest for the Orb.
     0 | D:1      | Reached XP level 1. HP: 19/19 MP: 0/0
   141 | D:1      | Reached XP level 2. HP: 21/28 MP: 1/1
   395 | D:1      | Reached skill level 5 in Fighting
   444 | D:1      | Reached XP level 3. HP: 36/36 MP: 2/2
  1152 | D:2      | Reached XP level 4. HP: 42/42 MP: 3/3
  1160 | D:2      | Reached skill level 5 in Shields
  1251 | D:2      | Reached skill level 1 in Dodging
  1397 | D:2      | Reached skill level 2 in Dodging
  1761 | D:3      | Found a burning altar of Makhleb.
  1882 | D:3      | Reached XP level 5. HP: 47/48 MP: 4/4
  2037 | D:3      | Reached skill level 3 in Dodging
  2266 | D:3      | Found a bloodstained altar of Trog.
  2448 | D:3      | Found a faded altar of an unknown god.
  2653 | D:4      | Noticed an ogre
  2653 | D:4      | Found Heles's Antique Armour Shop.
  2705 | D:4      | Noticed a black bear
  2710 | D:4      | Killed a black bear
  2711 | D:4      | Reached skill level 4 in Dodging
  2714 | D:4      | Found a snail-covered altar of Cheibriados.
  2714 | D:4      | Found an opulent altar of Gozag.
  2749 | D:4      | Noticed Blork the orc
  2756 | D:4      | Killed Blork the orc
  2757 | D:4      | Reached skill level 5 in Dodging
  2757 | D:4      | Reached XP level 6. HP: 42/56 MP: 5/5
  2911 | D:4      | Reached skill level 6 in Dodging
  2931 | D:4      | Reached XP level 7. HP: 27/61 MP: 6/6
  3071 | D:4      | Gained mutation: You have very sharp teeth. [potion of
                  | mutation]
  3089 | D:4      | Reached skill level 7 in Dodging
  3260 | D:4      | HP: 1/61 [gnoll/+0 heavy spear (6)]
  3262 | D:4      | Mangled by a gnoll

Illustrated notes

Levels and vault maps discovered:
D:1:      reono_arrival_mine, layout_loops_ring, minmay_heptomino_d4
D:2:      layout_loops_ring
D:3:      layout_basic, lemuel_crystal_altar,
          mainiacjoe_overflow_six_doors_small,
          dreamdust_ecumenical_altar_hidden_monk_grotto
D:4:      layout_rooms, chequers_temple_overflow_statue_of_worship,
          serial_shops, shop, minmay_door_square, uniq_blork_the_orc

Skill      XL: |  1  2  3  4  5  6  7 |
---------------+----------------------+-----
Fighting       | 4 5 |  5.0
Shields        | 4 5 |  5.0
Dodging        | 2 5 6 7 |  7.2
Long Blades    | |  2.4
Armour         | |  3.6

Action                     |  1- 3 |  4- 6 |  7- 9 || total
---------------------------+-------+-------+-------++-------
  Melee: Long sword        |   105 |   107 |    18 ||   230
         Headbutt          |    11 |    28 |     4 ||    43
         Bite              |       |       |     2 ||     2
    Use: Scroll            |     2 |     4 |     1 ||     7
         Potion            |       |       |     7 ||     7
 Armour: Scale mail        |    67 |    82 |    10 ||   159
  Dodge: Dodged            |    55 |    70 |    14 ||   139
  Block: Buckler           |    25 |    29 |     5 ||    59
